 Dungeon Crawl Stone Soup version 0.30-a0-325-gb515db48ae (webtiles) character file.

Game seed: 4385777994989993154

553035 Ijustatesigmund the Slayer (level 25, -3/184 HPs)
             Began as a Gargoyle Fighter on Oct 27, 2022.
             Was the Champion of the Shining One.
             Slain by a sphinx (6 damage)
             ... while paralysed by a sphinx
             ... on level 1 of the Tomb of the Ancients on Oct 28, 2022.
             The game lasted 02:28:03 (58596 turns).

Ijustatesigmund the Slayer (Gargoyle Fighter)      Turns: 58596, Time: 02:28:04

Health: -3/184     AC: 56    Str: 32    XL:     25   Next: 74%
Magic:  37/47      EV:  2    Int: 11    God:    the Shining One [******]
Gold:   4458       SH:  0    Dex: 19    Spells: 14/24 levels left

rFire   + + .      SeeInvis .    a - +9 sacred scourge (holy)
rCold   + . .      Faith    .    c - +2 kite shield {rC+}
rNeg    + + +      Spirit   .    S - +9 plate armour of the Crypt {rCorr Stlth+}
rPois   ∞          Reflect  .    M - +1 helmet
rElec   +          Harm     .    H - scarf {repulsion}
rCorr   +          Rampage  .    j - +0 pair of gloves of Precision Catastrophes {rElec MP+9 Slay+2}
Will    +....                    Q - +2 pair of boots {Stlth+}
Stlth   ..........               P - amulet of regeneration
HPRegen 0.00/turn                u - ring "Pohiwag" {rF++ rN+ Str+2 Dex+10 Slay-2}
MPRegen 0.30/turn                q - +4 ring of slaying

@: paralysed, divinely shielded, flying, inhibited regen, hasted and slowed,
glowing, studying Throwing, repel missiles
A: sickness immunity, AC +19, big wings, negative energy resistance 1,
electricity resistance, torment resistance 1, petrification resistance, claws 1,
iridescent scales 1, inhibited regeneration
}: 4/15 runes: decaying, serpentine, silver, abyssal
a: Renounce Religion, Divine Shield, Cleansing Flame, Summon Divine Warrior


You were on level 1 of the Tomb of the Ancients.
You worshipped the Shining One.
The Shining One was exalted by your worship.
You visited 11 branches of the dungeon, and saw 43 of its levels.
You visited the Abyss 6 times.
You visited 1 bazaar.
You also visited: Desolation.

You collected 7577 gold pieces.
You spent 3119 gold pieces at shops.

Inventory:

Hand Weapons
 a - a +9 sacred scourge of holy wrath (weapon)
 J - the +8 war axe "Luprozog" {flame, Will+ Str-4 Int+5 Stlth+}
   (You found it on level 13 of the Dungeon)

   It burns those it strikes, dealing additional fire damage.
   Big, fiery blades are also staple armaments of hydra-hunters.
   Str:       It affects your strength (-4).
   Int:       It affects your intelligence (+5).
   Will:      It increases your willpower.
   Stlth:     It makes you more stealthy.
Missiles
 x - 2 throwing nets (quivered)
Armour
 b - +2 fire dragon scales
 c - a +2 kite shield of cold resistance (worn)
 j - the +0 pair of gloves of Precision Catastrophes (worn) {rElec MP+9 Slay+2}
   (You acquired it on level 5 of the Lair of Beasts)

   Slay:      It affects your accuracy & damage with ranged weapons and melee
   (+2).
   rElec:     It insulates you from electricity.
   MP:        It affects your magic capacity (+9).
 A - a +2 tower shield of reflection
 H - a scarf of repulsion (worn)
 M - a +1 helmet (worn)
 Q - a +2 pair of boots of stealth (worn)
 S - the +9 plate armour of the Crypt (worn) {rCorr Stlth+}
   (You found it on level 2 of the Snake Pit)

   rCorr:     It protects you from acid and corrosion.
   Stlth:     It makes you more stealthy.
Jewellery
 n - a ring of willpower
 q - a +4 ring of slaying (right hand)
 u - the ring "Pohiwag" (left hand) {rF++ rN+ Str+2 Dex+10 Slay-2}
   (You bought it in a shop in a bazaar)

   [ring of positive energy]

   Str:       It affects your strength (+2).
   Dex:       It affects your dexterity (+10).
   Slay:      It affects your accuracy & damage with ranged weapons and melee
   (-2).
   rF:        It greatly protects you from fire.
   rN:        It protects you from negative energy.
 v - the ring of Uhysitia {rCorr Int+7 Dex+4}
   (You found it in the Desolation of Salt)

   [ring of resist corrosion]

   Int:       It affects your intelligence (+7).
   Dex:       It affects your dexterity (+4).
   rCorr:     It protects you from acid and corrosion.
 B - the ring "Vino" {Wiz Stlth+}
   (You took it off a ragged hierophant in the Desolation of Salt)

   [ring of wizardry]

   It improves your spell success rate.
   Stlth:     It makes you more stealthy.
 E - a ring of ice
 G - the ring of the Coward {rF+ rN+ Str+6 Int+2}
   (You took it off a deep elf demonologist on level 3 of the Elven Halls)

   [ring of strength]

   Str:       It affects your strength (+6).
   Int:       It affects your intelligence (+2).
   rF:        It protects you from fire.
   rN:        It protects you from negative energy.
 L - an amulet of reflection
 P - an amulet of regeneration (around neck)
Wands
 k - a wand of roots (7)
 p - a wand of flame (73)
 w - a wand of mindburst (8)
 y - a wand of paralysis (12)
 K - a wand of quicksilver (2)
 N - a wand of polymorph (12)
 R - a wand of digging (27)
Scrolls
 i - 8 scrolls of immolation
 m - 4 scrolls of fear
 o - 4 scrolls of amnesia
 t - 10 scrolls of teleportation
 C - 4 scrolls of blinking
 D - 3 scrolls of butterflies
 F - 31 scrolls of identify
 I - 5 scrolls of enchant armour
 W - 2 scrolls of magic mapping
 X - 2 scrolls of brand weapon
 Y - a scroll of silence
 Z - 5 scrolls of poison
Potions
 d - 5 potions of might
 e - a potion of haste
 f - 3 potions of magic
 g - 8 potions of attraction
 h - 3 potions of brilliance
 l - 5 potions of heal wounds
 r - 11 potions of mutation
 s - 10 potions of curing
 z - 8 potions of ambrosia
 T - 2 potions of berserk rage
 U - 3 potions of resistance
 V - 3 potions of cancellation
Miscellaneous
 O - a phantom mirror


   Skills:
 + Level 26.1 Fighting
 - Level 6.8(11.6) Axes
 - Level 15.7(16.4) Maces & Flails
 - Level 17.1 Armour
 - Level 13.0 Dodging
 + Level 16.0 Shields
 - Level 12.1 Translocations
 + Level 23.1 Invocations
 - Level 7.0 Evocations


You had 14 spell levels left.
You knew the following spells:

 Your Spells              Type           Power      Damage    Failure   Level
a - Magic Dart            Conj           0%         1d3       95%         1
b - Blink                 Tloc           52%        N/A       2%          2
c - Lesser Beckoning      Tloc           52%        N/A       5%          3
d - Manifold Assault      Tloc           26%        N/A       19%         4

Your spell library contained the following spells:

 Spells                   Type           Power      Damage    Failure   Level
 Gell's Gravitas          Tloc           26%        N/A       5%          3
 Teleport Other           Tloc           26%        N/A       5%          3
 Passage of Golubria      Tloc           26%        N/A       19%         4
 Momentum Strike          Conj/Tloc      26%        3d8       32%         2
 Portal Projectile        Hex/Tloc       26%        N/A       54%         3
 Kindle Blastsparks       Fire/Tloc/Air  16%        2d11      83%         3
 Iskenderun's Mystic Bla  Conj/Tloc      13%        2d5       91%         4
 Beastly Appendage        Tmut           0%         N/A       95%         1
 Foxfire                  Conj/Fire      0%         2x1d4     95%         1
 Freeze                   Ice            0%         1d3       95%         1
 Kiss of Death            Conj/Necr      0%         2d5       95%         1
 Sandblast                Erth           0%         2d4       95%         1
 Shock                    Conj/Air       0%         1d3       95%         1
 Sting                    Tmut/Pois      0%         1d3       95%         1
 Summon Small Mammal      Summ           0%         N/A       95%         1
 Dispersal                Tloc           13%        N/A       95%         6
 Ensorcelled Hibernation  Hex/Ice        0%         N/A       98%         2
 Passwall                 Tmut/Erth      0%         N/A       98%         2
 Poisonous Vapours        Pois/Air       0%         N/A       98%         2
 Scorch                   Fire           0%         2d5       98%         2
 Searing Ray              Conj           0%         2d4       98%         2
 Wereblood                Tmut           0%         N/A       98%         2
 Summon Forest            Summ/Tloc      6%         N/A       99%         5
 Confusing Touch          Hex            0%         N/A       100%        3
 Dazzling Flash           Conj/Hex       0%         N/A       100%        3
 Frozen Ramparts          Ice            0%         1d1       100%        3
 Hailstorm                Conj/Ice       0%         3d3       100%        3
 Ignite Poison            Fire/Tmut/Pois 0%         N/A       100%        3
 Inner Flame              Hex/Fire       0%         N/A       100%        3
 Spider Form              Tmut/Pois      0%         N/A       100%        3
 Stone Arrow              Conj/Erth      0%         3d7       100%        3
 Swiftness                Air            0%         N/A       100%        3
 Airstrike                Air            0%         2d(0-16)  100%        4
 Anguish                  Hex/Necr       0%         N/A       100%        4
 Animate Armour           Summ/Erth      0%         N/A       100%        4
 Cause Fear               Hex            0%         N/A       100%        4
 Dispel Undead            Necr           0%         3d6       100%        4
 Flame Wave               Conj/Fire      0%         2d4       100%        4
 Fulminant Prism          Conj/Hex       0%         3d6       100%        4
 Leda's Liquefaction      Hex/Erth       0%         N/A       100%        4
 Olgreb's Toxic Radiance  Pois           0%         N/A       100%        4
 Petrify                  Tmut/Erth      0%         N/A       100%        4
 Summon Lightning Spire   Summ/Air       0%         N/A       100%        4
 Alistair's Intoxication  Tmut/Pois      0%         N/A       100%        5
 Fireball                 Conj/Fire      0%         3d3       100%        5
 Freezing Cloud           Conj/Ice/Air   0%         6-21      100%        5
 Irradiate                Conj/Tmut      0%         3d11      100%        5
 Lightning Bolt           Conj/Air       0%         1d11      100%        5
 Silence                  Hex/Air        0%         N/A       100%        5
 Conjure Ball Lightning   Conj/Air       0%         3x3d6     100%        6
 Death Channel            Necr           0%         N/A       100%        6
 Eringya's Noxious Bog    Tmut/Pois      0%         N/A       100%        6
 Starburst                Conj/Fire      0%         6d3       100%        6
 Summon Cactus Giant      Summ           0%         N/A       100%        6
 Dragon Form              Tmut           0%         N/A       100%        7
 Ozocubu's Refrigeration  Ice            0%         4d7       100%        7
 Storm Form               Tmut/Air       0%         N/A       100%        7
 Summon Hydra             Summ           0%         N/A       100%        7
 Discord                  Hex            0%         N/A       100%        8
 Disjunction              Tloc           13%        N/A       100%        8
 Ignition                 Fire           0%         3d3       100%        8
 Lehudib's Crystal Spear  Conj/Erth      0%         10d2      100%        8
 Chain Lightning          Conj/Air       0%         N/A       100%        9
 Dragon's Call            Summ           0%         N/A       100%        9
 Fire Storm               Conj/Fire      0%         5d1       100%        9
 Polar Vortex             Ice            0%         N/A       100%        9
 Shatter                  Erth           0%         3d5*      100%        9
 Sublimation of Blood     Necr           Unusable   N/A       N/A         2
 Statue Form              Tmut/Erth      Unusable   N/A       N/A         6

Dungeon Overview and Level Annotations

Branches:
Dungeon (15/15)            Temple (1/1) D:7            Lair (5/5) D:8
  Swamp (4/4) Lair:3        Snake (4/4) Lair:2        Slime (0/5) Lair:4
    Orc (2/2) D:9             Elf (3/3) Orc:2        Vaults (5/5) D:13
  Crypt (3/3) Vaults:2       Tomb (1/3) Crypt:3      Depths (1/4) D:15
Desolation (visited)

Altars:
Dithmenos
Elyvilon
Gozag
Hepliaklqana
Makhleb
Nemelex Xobeh
Okawaru
Qazlal
Ru
Uskayaw
Vehumet
Wu Jian
Xom
Yredelemnul
Zin
The Shining One

Shops:
Orc:2 (:*:   Snake:1 !   Snake:3 =:=   Vaults:2 (   Vaults:4 *

Portals:
Trove: D:11 (give +5 demon trident)

Annotations:
D:8 2 runed translucent doors, crabbyslav's ghost, novice BaSu


Innate Abilities, Weirdness & Mutations

You are immune to sickness and miasma.
Your stone body is resilient. (AC +19)
You are immune to poison.
Your large and strong wings let you fly.
You resist negative energy. (rN+)
You are resistant to electric shocks. (rElec)
You are resistant to unholy torment.
You are immune to petrification.
You have sharp fingernails.
You are partially covered in iridescent scales. (AC +2)
You do not regenerate when monsters are visible.


Message History

The sphinx hits you but does no damage. You block the sphinx's attack. x3
The ancient champion gestures at you while chanting.
The iron shot misses you.
The iron shot hits the sphinx!!!
You whack the sphinx!
The sphinx is heavily wounded.
The sphinx mumbles some strange words.
You resist with some effort.
You whack the sphinx!
The sphinx is severely wounded.
The sphinx mumbles some strange words.
You suddenly lose the ability to move!
The ancient champion hits you with a +0 battleaxe!
The sphinx casts a spell.
You resist with some effort.
The sphinx hits you but does no damage. x2
The sphinx hits you.
The ancient champion hits you but does no damage.
The ancient champion casts a spell at you.
The iron shot hits you!!
* * * LOW HITPOINT WARNING * * *
The sphinx hits you but does no damage. x3; The sphinx hits you!
* * * LOW HITPOINT WARNING * * *
The sphinx hits you but does no damage. x2
The sphinx mumbles some strange words.
You feel yourself slow down.
The ancient champion hits you with a +0 battleaxe!
* * * LOW HITPOINT WARNING * * *
The ancient champion hits you but does no damage.
The sphinx hits you but does no damage. x3
The ancient champion hits you with a +0 battleaxe!
* * * LOW HITPOINT WARNING * * *
The sphinx hits you!
* * * LOW HITPOINT WARNING * * *
The sphinx hits you but does no damage. x2
The ancient champion hits you but does no damage. x2
The sphinx hits you but does no damage. The sphinx hits you.
* * * LOW HITPOINT WARNING * * *
The sphinx hits you but does no damage. x4; The sphinx hits you.
* * * LOW HITPOINT WARNING * * *
The sphinx hits you but does no damage. x3; The sphinx hits you.
You die...

########################
........................
........................
........................
......HH................
......z@................
......HHz...............
⌠....9.M................
........................
....M...................
........................
.8......................
........................
##################...


You could see 4 sphinxes, 2 ancient champions, 2 guardian mummies and an ushabti
(catching breath).

Vanquished Creatures
  Mennas (Crypt:3)
  Boris (thrice) (Vaults:4 Tomb:1)
  Bai Suzhen (Elf:3)
  Saint Roka (Vaults:3)
  Xtahua (Vaults:4)
  Margery (Crypt:2)
  Vashnia (Snake:2)
  A profane servitor (Crypt:2)
  A shard shrike zombie (Crypt:3)
  The ghost of Susobas the Eclecticist, an adept DsCj of Vehumet (Vaults:4)
  A bone dragon (Vaults:2)
  4 tentacled monstrosities
  4 liches
  5 titans
  3 deep elf blademasters
  2 quicksilver dragons
  2 deep elf master archers (Elf:3)
  3 ancient champions
  5 thorn hunters
  5 sphinxes
  Agnes (Snake:4)
  Frances (Swamp:2)
  4 storm dragons
  A shadow dragon (Vaults:4)
  5 tengu reavers
  A revenant (Crypt:3)
  2 iron dragons (Vaults:5)
  The ghost of Eczuitwu the Thaumaturge, an adept GnHW of Sif Muna (D:14)
  2 fire giants
  7 nagarajas
  25 vault wardens
  3 frost giants
  3 imperial myrmidons (Desolation)
  Louise (Snake:4)
  A balrug (Abyss:3)
  3 deep elf elementalists (Elf:3)
  10 deep elf sorcerers
  3 orc warlords
  19 very ugly things
  8 ghouls (Crypt:3)
  Aizul (Elf:3)
  A reaper (Crypt:2)
  A juggernaut skeleton (Crypt:1)
  2 war gargoyles (Vaults:2)
  29 ironbound preservers
  7 stone giants
  11 ironbound thunderhulks
  5 eleionomae
  19 vampire knights
  9 deep elf demonologists (Elf:3)
  5 deep elf annihilators (Elf:3)
  3 halazid warlocks (Desolation)
  12 dire elephants
  8 ettins
  3 deep elf death magi
  4 eidola
  8 bunyips
  The ghost of twist the Basher, a journeyman GnCA of Ignis (Lair:3)
  4 mummy priests
  6 jiangshi (Crypt:3)
  2 entropy weavers
  A merfolk javelineer (D:14)
  A crystal guardian (Vaults:4)
  A fire dragon (D:15)
  17 yaktaur captains
  2 merfolk impalers (D:14)
  2 pearl dragon zombies (Crypt:2)
  2 spriggan zombies
  10 ragged hierophants (Desolation)
  A deep elf high priest (Vaults:5)
  13 servants of whispers (Desolation)
  12 hydras
  5 great orbs of eyes
  15 peacekeepers
  2 ice dragons
  30 vault guards
  A ghost crab (Swamp:1)
  2 salamander tyrants (Snake:4)
  A catoblepas (Lair:5)
  Fannar (D:12)
  5 ogre magi
  15 anacondas
  6 ironbound frosthearts
  3 boulder beetles
  9 centaur warriors
  Erica (D:9)
  10 death yaks
  A bennu skeleton (Crypt:3)
  4 death knights
  10 two-headed ogres
  8 alligators
  3 deep troll earth magi (Vaults:5)
  3 hell hogs (Crypt:2)
  16 naga warriors
  9 orc high priests
  5 shock serpents
  11 vampire magi
  25 dancing weapons
  14 naga sharpshooters
  3 sun demons (Abyss:3)
  6 hell knights (Crypt:2)
  Sonja (Orc:2)
  10 deep elf knights
  A soul eater (Crypt:3)
  A spriggan berserker (D:15)
  6 salamander mystics
  Nergalle (Orc:1)
  37 skeletal warriors
  A wretched star (Abyss:3)
  A shadow wraith (Crypt:2)
  Lodul (D:10)
  An orb spider (shapeshifter) (D:14)
  A shadow demon (Abyss:3)
  3 spriggan druids
  4 sea snakes
  A glowing orange brain (Vaults:2)
  2 goliath frogs
  A spriggan simulacrum (Crypt:1)
  52 deep trolls
  Pikel (D:9)
  6 harpies
  3 flayed ghosts
  12 wizards
  5 bog bodies
  6 deep elf archers
  10 naga ritualists
  23 phantasmal warriors
  A spectral hydra (Lair:3)
  8 lindwurms
  An obsidian statue (Snake:1)
  10 swamp dragons
  An iron giant skeleton (Crypt:2)
  25 ironbound convokers
  7 necromancers
  23 mana vipers
  18 deep elf pyromancers
  10 orc knights
  A wolf spider zombie (D:15)
  A stone giant zombie (Crypt:1)
  10 orc sorcerers
  A human zombie (Vaults:5)
  6 will-o-the-wisps
  A shadow dragon zombie (Crypt:1)
  13 deep elf zephyrmancers
  8 cyclopes
  36 ugly things
  5 manticores
  A sphinx skeleton (Vaults:5)
  A moth of wrath (shapeshifter) (Vaults:5)
  13 salamanders
  A dire elephant zombie (Crypt:3)
  A fire giant skeleton (Vaults:5)
  7 elephants
  4 apis skeletons (Crypt:2)
  A worldbinder (Abyss:3)
  12 guardian serpents
  A stone giant skeleton (Crypt:2)
  A molten gargoyle (Desolation)
  2 water nymphs (Abyss:3)
  A guardian serpent (shapeshifter) (D:15)
  18 naga magi
  A gargoyle (D:11)
  An apocalypse crab (Abyss:2)
  36 black mambas
  A storm dragon simulacrum (Crypt:2)
  An alligator snapping turtle zombie (Crypt:1)
  16 vault sentinels
  A smoke demon (Abyss:3)
  4 torpor snails
  A torpor snail (shapeshifter) (Vaults:3)
  An unseen horror (D:11)
  12 cane toads
  A swamp worm zombie (Crypt:1)
  A purple draconian zombie (Crypt:1)
  5 rime drakes
  3 kobold demonologists
  6 freezing wraiths
  3 centaur skeletons (D:15)
  13 komodo dragons
  2 efreet
  9 guardian mummies
  An anaconda simulacrum (Crypt:2)
  An unseen horror skeleton (Crypt:2)
  48 yaktaurs
  A sea snake skeleton (Crypt:2)
  An ancient zyme (Abyss:3)
  8 trolls
  11 polar bears
  5 harpy zombies
  2 wolf spider simulacra
  9 tyrant leeches
  A shadow dragon simulacrum (Crypt:1)
  3 meliai (D:14)
  2 polar bears (shapeshifter)
  A green draconian skeleton (Crypt:1)
  A hornet (shapeshifter) (Elf:2)
  71 saltlings (Desolation)
  4 hornets
  4 raiju (Lair:5)
  47 slime creatures
  A tarantella (shapeshifter) (Elf:1)
  24 blink frogs
  3 dream sheep (Lair:5)
  2 spectral dream sheep (Lair:3)
  A tarantella (Vaults:4)
  3 centaur simulacra
  A jumping spider (Vaults:4)
  3 flying skulls (Crypt:1)
  3 shadows
  A culicivora (Vaults:3)
  4 starcursed masses (Abyss:3)
  12 wraiths
  4 wyverns
  4 spriggans
  4 water elementals
  48 yaks
  A hog (shapeshifter) (D:14)
  3 large abominations
  2 air elementals
  A ynoxinul (Abyss:3)
  3 basilisks
  A human (shapeshifter) (Vaults:2)
  A fire elemental (Elf:2)
  6 redbacks
  5 vampire mosquitoes
  3 steam dragons
  A demonspawn zombie (Crypt:2)
  A spectral cane toad (Lair:3)
  12 wargs
  A faun zombie (Crypt:1)
  10 swamp worms
  A two-headed ogre zombie (Crypt:3)
  41 nagas
  A hydra simulacrum (Lair:3)
  4 acid dragons
  Duvessa (D:7)
  13 hell hounds (Lair:5)
  17 water moccasins
  20 orc warriors
  3 sky beasts (D:7)
  16 black bears
  7 ice beasts
  12 swamp drakes
  A black mamba simulacrum (Lair:3)
  7 centaurs
  25 wolves
  12 ogres
  9 boggarts
  A phantom (D:5)
  A small abomination (Abyss:3)
  A draconian zombie (Crypt:3)
  4 kobold brigands
  11 bullfrogs
  2 earth elementals
  3 gnoll sergeants
  A scorpion (D:5)
  3 necrophages (Crypt:3)
  A wyvern skeleton (Crypt:2)
  25 wights
  Dowan (D:7)
  11 killer bees
  2 howler monkeys
  A hound (D:5)
  A gnoll bouda (D:7)
  4 jellies
  33 orc priests
  16 orc wizards
  A human skeleton (Crypt:3)
  An iguana (D:4)
  7 hell rats (Lair:5)
  A tengu zombie (Crypt:1)
  An ogre zombie (Crypt:2)
  2 naga skeletons
  A boggart simulacrum (D:14)
  Robin (D:3)
  12 gnolls
  5 adders
  4 white imps
  5 ufetubi
  A worm zombie (Crypt:2)
  An adder zombie (Crypt:1)
  5 worms
  A dart slug (D:2)
  96 orcs
  8 bats
  13 endoplasms
  15 giant cockroaches
  12 goblins
  11 hobgoblins
  8 jackals
  18 kobolds
  8 quokkas
  5 ball pythons
  A dart slug zombie (Crypt:1)
  A frilled lizard (D:1)
  A kobold skeleton (Crypt:3)
  3 rats
  A rat skeleton (Crypt:3)
  4 briar patches (Swamp:3)
2089 creatures vanquished.

Vanquished Creatures (collateral kills)
  A tengu reaver (Abyss:3)
  A sphinx (Tomb:1)
  Roxanne (Swamp:3)
  A ghoul (Crypt:3)
  A draconian stormcaller (Abyss:3)
  A vampire knight (Crypt:3)
  A green death (Abyss:3)
  A rakshasa (Abyss:3)
  2 satyrs (Abyss:3)
  A thrashing horror (Abyss:3)
  A bog body (Crypt:3)
  A deep elf zephyrmancer (Elf:3)
  2 deep elf pyromancers (Elf:3)
  2 worldbinders (Abyss:3)
  A salamander (Snake:1)
  A naga mage (Snake:1)
  A wraith (Crypt:3)
  A large abomination (Abyss:3)
  A necrophage (Crypt:3)
22 creatures vanquished.

Vanquished Creatures (others)
  A vault warden (Vaults:1)
  A bunyip (Swamp:2)
  A deep elf archer (Elf:3)
  A deep troll (Vaults:3)
  A lindwurm (Swamp:4)
  A black mamba (Snake:1)
  5 bloated husks
  A hornet (Swamp:2)
  A swamp worm (Swamp:4)
  An orc priest (Orc:2)
  3 orcs
  2 kobolds (D:8)
  2 briar patches (Swamp:3)
  A bush (Lair:5)
  22 foxfires
  19 fungi
  A lurking horror (Abyss:3)
  46 plants
  3 withered plants (Desolation)
113 creatures vanquished.

Grand Total: 2224 creatures vanquished

Notes
Turn   | Place    | Note
-------+----------+-------------------------------------------
     0 | D:1      | Ijustatesigmund the Gargoyle Fighter began the quest for
                  | the Orb.
     0 | D:1      | Reached XP level 1. HP: 14/14 MP: 1/1
   366 | D:1      | Reached XP level 2. HP: 19/19 MP: 2/2
  1074 | D:2      | Reached XP level 3. HP: 21/24 MP: 3/3
  1083 | D:2      | Reached skill level 4 in Fighting
  1208 | D:2      | Reached XP level 4. HP: 23/30 MP: 4/4
  1964 | D:3      | Noticed Robin
  1992 | D:3      | Killed Robin
  1993 | D:3      | Reached XP level 5. HP: 33/34 MP: 5/5
  2142 | D:3      | Reached skill level 5 in Fighting
  3083 | D:4      | Reached XP level 6. HP: 40/40 MP: 6/6
  3421 | D:4      | Identified the +8 short sword of Blue Duty {spect, rN+
                  | Dex+5}
  3458 | D:4      | Identified the +2 leather armour of Koogirig {Str+2 Int+3
                  | Dex+4}
  3953 | D:5      | Entered Level 5 of the Dungeon
  4131 | D:5      | Noticed an ice beast
  4143 | D:5      | Reached skill level 6 in Fighting
  4143 | D:5      | Reached skill level 5 in Maces & Flails
  4143 | D:5      | Reached XP level 7. HP: 46/46 MP: 7/7
  4564 | D:5      | Found a sacrificial altar of Ru.
  4649 | D:5      | You fall into a shaft and drop 2 floors!
  4692 | D:7      | Reached skill level 5 in Armour
  4792 | D:7      | Reached XP level 8. HP: 47/52 MP: 8/8
  4803 | D:7      | Reached skill level 7 in Fighting
  5032 | D:7      | Found a staircase to the Ecumenical Temple.
  5113 | D:7      | Noticed Dowan
  5114 | D:7      | Gained mutation: You have sharp fingernails. [potion of
                  | mutation]
  5114 | D:7      | Gained mutation: You are partially covered in iridescent
                  | scales. (AC +2) [potion of mutation]
  5116 | D:7      | Noticed Duvessa
  5370 | D:7      | Noticed a yak
  5377 | D:7      | Noticed a yak
  5378 | D:7      | Killed a yak
  5378 | D:7      | Noticed a yak
  5378 | D:7      | Noticed a yak
  5385 | D:7      | Killed a yak
  5395 | D:7      | Killed a yak
  5396 | D:7      | Reached skill level 8 in Fighting
  5396 | D:7      | Reached XP level 9. HP: 45/59 MP: 9/9
  6019 | D:7      | Killed Dowan
  6027 | D:7      | Killed Duvessa
  6613 | D:8      | Noticed a kobold demonologist
  6622 | D:7      | Reached skill level 9 in Fighting
  6797 | D:8      | Noticed a rime drake
  7181 | D:7      | Noticed an ice devil
  7184 | D:7      | Killed a kobold demonologist
  7185 | D:7      | Reached XP level 10. HP: 58/67 MP: 10/10
  7486 | D:8      | Noticed a kobold demonologist
  7496 | D:7      | Reached skill level 10 in Fighting
  7500 | D:7      | Killed a kobold demonologist
  7605 | D:8      | Found a staircase to the Lair.
  7646 | D:8      | Found an ornate altar of the Wu Jian Council.
  7755 | D:8      | Found a large runed translucent door.
  7769 | D:8      | Found a large runed translucent door.
  7772 | D:8      | Noticed crabbyslav's ghost (novice BaSu)
  8738 | D:9      | Found a shimmering altar of Xom.
  8790 | D:9      | Found a shimmering altar of Xom.
  8790 | D:9      | Found a shimmering altar of Xom.
  8790 | D:9      | Found a shimmering altar of Xom.
  8791 | D:9      | Found a shimmering altar of Xom.
  8991 | D:9      | Noticed Erica
  9000 | D:9      | Killed Erica
  9001 | D:9      | Reached skill level 10 in Armour
  9121 | D:9      | Noticed a kobold demonologist
  9128 | D:9      | Reached skill level 11 in Fighting
  9143 | D:9      | Reached skill level 10 in Maces & Flails
  9143 | D:9      | Reached XP level 11. HP: 47/74 MP: 11/11
  9429 | D:9      | Reached skill level 1 in Dodging
  9552 | D:9      | Noticed a two-headed ogre
  9562 | D:9      | Killed a two-headed ogre
 10055 | D:9      | Found a staircase to the Orcish Mines.
 10350 | D:9      | Noticed Pikel
 10374 | D:9      | Killed Pikel
 10436 | D:9      | Noticed a glowing orange brain
 10442 | D:9      | Noticed a manticore
 10447 | D:9      | Noticed a mana viper
 10510 | D:10     | Entered Level 10 of the Dungeon
 10562 | D:10     | Noticed a two-headed ogre
 10571 | D:10     | Killed a two-headed ogre
 10942 | D:10     | Noticed a two-headed ogre
 10995 | D:10     | Reached skill level 12 in Fighting
 11134 | D:10     | Found a shadowy altar of Dithmenos.
 11196 | D:10     | Killed a two-headed ogre
 11245 | D:10     | Noticed Lodul
 11258 | D:10     | Killed Lodul
 11619 | D:10     | Found an opulent altar of Gozag.
 11619 | D:10     | Found a glowing silver altar of Zin.
 11723 | D:10     | Reached XP level 12. HP: 66/82 MP: 12/12
 12120 | D:11     | HP: 1/82 [yak (12)]
 12405 | D:11     | Got the Octavo of the Boar
 13040 | D:11     | Reached skill level 5 in Dodging
 13057 | D:11     | Reached skill level 13 in Fighting
 13108 | D:11     | Found a portal to a secret trove of treasure.
 13590 | D:12     | Upgraded the game from 0.30-a0-321-gf7783e6616 to
                  | 0.30-a0-325-gb515db48ae
 13677 | D:12     | Noticed Fannar
 13692 | D:12     | Killed Fannar
 14092 | Temple   | Entered the Ecumenical Temple
 14269 | Temple   | Became a worshipper of the Shining One
 16189 | D:13     | Identified the +8 war axe "Luprozog" {flame, Will+ Str-4
                  | Int+5 Stlth+}
 16196 | D:13     | Noticed a centaur warrior
 16200 | D:13     | Noticed a two-headed ogre
 16372 | D:12     | Killed a two-headed ogre
 16373 | D:12     | Reached skill level 14 in Fighting
 16373 | D:12     | Reached XP level 13. HP: 35/90 MP: 13/13
 17602 | D:13     | Found a gate to the Vaults.
 18016 | Lair:1   | Entered Level 1 of the Lair of Beasts
 18170 | Lair:1   | Reached * piety under the Shining One
 18446 | Lair:1   | Reached skill level 15 in Fighting
 18938 | Lair:2   | Found a staircase to the Snake Pit.
 19491 | Lair:2   | Learned a level 1 spell: Magic Dart
 20258 | Lair:3   | Found a runed translucent gate.
 20258 | Lair:3   | Found a runed translucent gate.
 20258 | Lair:3   | Found a runed translucent gate.
 20265 | Lair:3   | Noticed twist's ghost (journeyman GnCA)
 20302 | Lair:3   | Reached ** piety under the Shining One
 20309 | Lair:3   | Gained mutation: Your large and strong wings let you fly.
                  | [Gargoyle growth]
 20309 | Lair:3   | Reached XP level 14. HP: 66/98 MP: 14/14
 20453 | Lair:3   | Found a staircase to the Swamp.
 21589 | Lair:3   | Reached skill level 16 in Fighting
 21788 | Lair:3   | Killed twist's ghost
 22023 | Lair:4   | Reached *** piety under the Shining One
 22039 | Lair:4   | Found a staircase to the Slime Pits.
 22183 | Lair:4   | Reached skill level 1 in Invocations
 22417 | Lair:4   | Reached skill level 1 in Evocations
 22554 | Lair:5   | Entered Level 5 of the Lair of Beasts
 22793 | Lair:5   | Reached skill level 15 in Maces & Flails
 22804 | Lair:5   | Reached **** piety under the Shining One
 23182 | Lair:5   | Identified the +1 long sword of the Enchanted Forest
                  | {protect, rPois Dex+2}
 23295 | Lair:5   | Reached skill level 5 in Shields
 23298 | Lair:5   | Reached XP level 15. HP: 88/105 MP: 17/17
 24575 | Lair:5   | Reached skill level 5 in Invocations
 24836 | Lair:5   | Reached ***** piety under the Shining One
 25082 | Lair:5   | Identified a scroll of acquirement
 25089 | Lair:5   | Acquired the +0 pair of gloves of Precision Catastrophes
                  | {rElec MP+9 Slay+2}
 25316 | Orc:1    | Entered Level 1 of the Orcish Mines
 25437 | Orc:2    | Entered Level 2 of the Orcish Mines
 25505 | Orc:1    | Noticed Nergalle
 25505 | Orc:1    | Noticed Sonja
 25508 | Orc:2    | Found a staircase to the Elven Halls.
 25524 | Orc:2    | Killed Sonja
 25838 | Orc:1    | Killed Nergalle
 26203 | Orc:1    | Reached skill level 17 in Fighting
 27272 | Orc:2    | Reached skill level 5 in Evocations
 27366 | Orc:2    | Found Toexeix's Antique Weapon Shop.
 27413 | Orc:2    | Reached ****** piety under the Shining One
 27415 | Orc:2    | Found Oziumuz's General Store.
 27415 | Orc:2    | Found Foyxoumo's Book Emporium.
 27480 | Orc:2    | Bought a potion of curing for 39 gold pieces
 27607 | Orc:2    | Found a burning altar of Makhleb.
 27873 | Orc:2    | Found Liuxiuck's Book Shop.
 27873 | Orc:2    | Found Atid's Antique Weapon Emporium.
 28475 | Abyss:2  | Found a corrupted altar of Lugonu.
 28475 | Abyss:2  | Cast into level 2 of the Abyss (a wizard)
 28552 | Abyss:2  | Paralysed by an apocalypse crab for 2 turns
 28583 | Abyss:2  | Found a corrupted altar of Lugonu.
 28591 | Abyss:2  | Found a corrupted altar of Lugonu.
 28591 | Abyss:2  | Found a corrupted altar of Lugonu.
 28608 | D:14     | Escaped the Abyss
 28673 | D:14     | Found a runed translucent door.
 28703 | D:14     | Found a sparkling altar of Nemelex Xobeh.
 29087 | D:14     | Reached skill level 1 in Axes
 29119 | D:14     | Reached XP level 16. HP: 77/112 MP: 21/21
 29350 | D:14     | Found a runed translucent gate.
 29351 | D:14     | Found a runed translucent gate.
 29353 | D:14     | Found a runed translucent gate.
 29354 | D:14     | Noticed Eczuitwu's ghost (adept GnHW)
 29576 | D:14     | Found an iron altar of Okawaru.
 29598 | D:15     | Entered Level 15 of the Dungeon
 30493 | D:15     | Found a staircase to the Depths.
 30523 | Depths:1 | Entered Level 1 of the Depths
 30737 | Depths:1 | Noticed a lich
 30815 | D:15     | Killed a lich
 30945 | Depths:1 | Reached skill level 5 in Axes
 31480 | Swamp:1  | Entered Level 1 of the Swamp
 32615 | Swamp:2  | Noticed Frances
 32621 | Swamp:2  | Reached skill level 10 in Invocations
 32634 | Swamp:2  | Killed Frances
 33772 | Swamp:3  | Identified Roxanne's Atlas of the Mountains
 33772 | Swamp:3  | Noticed Roxanne
 33796 | Swamp:3  | Found a shadowy altar of Dithmenos.
 33952 | Swamp:3  | Killed Roxanne
 34118 | Swamp:3  | Reached XP level 17. HP: 108/117 MP: 25/25
 34448 | Swamp:4  | Entered Level 4 of the Swamp
 34776 | Swamp:4  | Learned a level 2 spell: Blink
 35041 | Orc:2    | Bought a manual of Translocations for 1360 gold pieces
 35312 | Swamp:4  | Reached skill level 1 in Translocations
 35604 | Swamp:4  | Reached skill level 10 in Dodging
 36338 | Swamp:4  | Got a decaying rune of Zot
 36611 | Snake:1  | Entered Level 1 of the Snake Pit
 36956 | Snake:1  | Found Biasohaz's Distillery.
 36995 | Snake:1  | Bought 2 potions of heal wounds for 170 gold pieces
 36995 | Snake:1  | Bought a potion of haste for 170 gold pieces
 36995 | Snake:1  | Bought a potion of haste for 170 gold pieces
 36995 | Snake:1  | Bought a potion of heal wounds for 85 gold pieces
 36995 | Snake:1  | Bought a potion of resistance for 170 gold pieces
 37013 | Snake:1  | Identified the +1 leather armour of the Orb {rElec}
 37329 | Snake:1  | Found a gateway to a bazaar.
 37340 | Bazaar   | Entered a bazaar
 37340 | Bazaar   | Found Sarphis's Weapon Emporium.
 37360 | Bazaar   | Found Juh Leni's Magic Scroll Shoppe.
 37365 | Bazaar   | Found Zuntapi's General Store.
 37368 | Bazaar   | Bought a scroll of teleportation for 39 gold pieces
 37371 | Bazaar   | Found Paoproc's Jewellery Boutique.
 37373 | Bazaar   | Bought a potion of heal wounds for 95 gold pieces
 37379 | Bazaar   | Bought the ring "Pohiwag" {rF++ rN+ Str+2 Dex+10 Slay-2}
                  | for 551 gold pieces
 37379 | Bazaar   | Bought an amulet of regeneration for 270 gold pieces
 37413 | Bazaar   | Found Zusu's Antique Weapon Emporium.
 37762 | Snake:2  | Identified the +9 plate armour of the Crypt {rCorr Stlth+}
 37873 | Snake:2  | Reached skill level 18 in Fighting
 38005 | Snake:2  | Reached XP level 18. HP: 88/125 MP: 26/26
 38013 | Snake:2  | Reached skill level 5 in Translocations
 38076 | Snake:2  | Noticed Vashnia
 38095 | Snake:2  | Killed Vashnia
 38736 | Snake:4  | Entered Level 4 of the Snake Pit
 38743 | Snake:4  | Noticed Agnes
 38756 | Snake:4  | Killed Agnes
 39670 | Snake:3  | Found Ynyuna Kuguts's Jewellery Emporium.
 39670 | Snake:3  | Found Zarippa's Book Shop.
 39672 | Snake:3  | Found Gik Lio's Jewellery Emporium.
 39857 | Snake:4  | Noticed Louise
 39882 | Snake:4  | Killed Louise
 40233 | Snake:4  | Reached XP level 19. HP: 132/132 MP: 29/29
 40245 | Snake:4  | Reached skill level 19 in Fighting
 40420 | Snake:4  | Got a serpentine rune of Zot
 40881 | Snake:4  | Reached skill level 10 in Translocations
 41058 | Snake:4  | Identified the +9 quarterstaff of the Realm of Zot {spect,
                  | rCorr Str+4 Dex+4}
 41425 | Elf:1    | Entered Level 1 of the Elven Halls
 41614 | Elf:2    | Paralysed by an air elemental for 1 turns
 41880 | Elf:2    | Identified the +7 falchion of the Iron City of Dis {spect,
                  | rC+ rCorr}
 41905 | Elf:2    | Found a crumbling gateway.
 41920 | Desolati | Entered the Desolation of Salt
 41967 | Desolati | Learned a level 3 spell: Lesser Beckoning
 42159 | Desolati | Got Nysore's Disquisition on the Incendiary Caves
 42184 | Desolati | Got Fanom's Compendium of the Crypt and Permutations
 42221 | Desolati | Identified the +12 mace "Eviscerator" {flame, rN+++ Str-2
                  | Dex+3 Stlth+}
 42221 | Desolati | Identified the ring "Vino" {Wiz Stlth+}
 42258 | Desolati | Reached skill level 15 in Armour
 42565 | Desolati | Identified the +1 robe "Qucuowoi" {Harm rF+ Str+3}
 42617 | Desolati | Identified the +1 leather armour of Qipaoh {Rampage}
 42750 | Desolati | Got the Secrets of Ensorcelling
 42772 | Desolati | Identified the +4 demon whip of the Wasp {flame, Str+6
                  | Int+3 Stlth+}
 42787 | Desolati | Reached XP level 20. HP: 140/140 MP: 31/31
 42841 | Desolati | Identified the ring of Autumn {rElec rF- rCorr Int+6}
 42855 | Desolati | Identified the ring of Uhysitia {rCorr Int+7 Dex+4}
 43020 | Desolati | Reached skill level 20 in Fighting
 43027 | Desolati | Reached skill level 15 in Invocations
 43109 | Desolati | Got the Catalogue of the Spatial Caves
 43467 | Elf:2    | Found a runed translucent gate.
 43468 | Elf:2    | Found a runed translucent gate.
 43468 | Elf:2    | Found a runed translucent gate.
 43941 | Elf:3    | Entered Level 3 of the Elven Halls
 43941 | Elf:3    | Noticed Bai Suzhen
 43967 | Elf:3    | Killed Bai Suzhen
 44474 | Abyss:3  | Found a corrupted altar of Lugonu.
 44474 | Abyss:3  | Cast into level 3 of the Abyss (a deep elf sorcerer)
 44583 | Abyss:3  | Got an abyssal rune of Zot
 44588 | Elf:3    | Escaped the Abyss
 44631 | Elf:3    | Noticed Aizul
 44644 | Elf:3    | Killed Aizul
 44768 | Elf:3    | Identified the ring of the Coward {rF+ rN+ Str+6 Int+2}
 44798 | Elf:3    | Identified the amulet of Doubts {+Inv rElec Will- Regen+}
 44814 | Elf:3    | Paralysed by an air elemental for 1 turns
 44943 | Elf:3    | Reached skill level 21 in Fighting
 44945 | Elf:3    | Reached XP level 21. HP: 138/148 MP: 33/33
 44952 | Elf:3    | Got the Atlas of Wanderlust and the Retinue
 44955 | Elf:3    | Identified the +1 chain mail "Bularymesch" {Rampage rF+
                  | Str-4 Int+2}
 45455 | Elf:3    | Identified a +9 sacred scourge of holy wrath (a +7 demon
                  | whip of venom blessed by the Shining One)
 45455 | Elf:3    | Received a gift from the Shining One
 45738 | Vaults:1 | Entered Level 1 of the Vaults
 46942 | Vaults:1 | Acquired 1264 gold pieces
 47757 | Vaults:1 | Reached skill level 22 in Fighting
 47793 | Vaults:2 | Noticed a bone dragon
 47799 | Vaults:2 | Killed a bone dragon
 47804 | Vaults:2 | Found a staircase to the Crypt.
 47830 | Abyss:3  | Cast into level 3 of the Abyss (a deep elf sorcerer)
 47916 | Vaults:2 | Escaped the Abyss
 48028 | Vaults:2 | Found Doyr's Weapon Shop.
 48095 | Vaults:2 | Reached XP level 22. HP: 62/156 MP: 35/35
 48326 | Crypt:1  | Entered Level 1 of the Crypt
 48908 | Crypt:1  | Got Sif Muna's Encyclopedia of Entrancing Ice
 49455 | Crypt:2  | Noticed Margery
 49496 | Crypt:2  | Killed Margery
 50354 | Crypt:2  | Found a basalt altar of Yredelemnul.
 50356 | Crypt:2  | Noticed a profane servitor
 50369 | Crypt:2  | Killed a profane servitor
 50427 | Crypt:3  | Entered Level 3 of the Crypt
 50516 | Crypt:3  | Paralysed by a vampire knight for 5 turns
 50536 | Crypt:3  | Paralysed by a vampire knight for 4 turns
 50543 | Crypt:3  | Noticed Mennas
 50578 | Crypt:3  | Reached skill level 23 in Fighting
 50596 | Crypt:3  | Killed Mennas
 50672 | Crypt:3  | Acquired an Inescapable Atlas
 50681 | Crypt:3  | Learned a level 4 spell: Manifold Assault
 51036 | Crypt:3  | Identified the ring of Oenomania {rN+ AC+4}
 51078 | Crypt:3  | Reached XP level 23. HP: 165/165 MP: 36/36
 51105 | Crypt:3  | Paralysed by a vampire knight for 2 turns
 51196 | Crypt:3  | Found a basalt altar of Yredelemnul.
 51399 | Crypt:3  | Identified the +8 morningstar "Ururot" {elec, *Slow Fly rC-
                  | Str+8}
 51616 | Crypt:3  | Reached skill level 10 in Shields
 51785 | Crypt:3  | Found a staircase to the Tomb.
 52427 | Vaults:3 | Noticed Saint Roka
 52467 | Vaults:3 | Killed Saint Roka
 52586 | Vaults:3 | Reached skill level 24 in Fighting
 53405 | Vaults:3 | Reached XP level 24. HP: 173/173 MP: 37/37
 53860 | Vaults:4 | Noticed Xtahua
 53880 | Vaults:4 | Killed Xtahua
 54029 | Vaults:4 | Noticed Boris
 54045 | Vaults:4 | Killed Boris
 54125 | Abyss:3  | Cast into level 3 of the Abyss (a wizard)
 54164 | Vaults:4 | Escaped the Abyss
 54304 | Vaults:4 | Found a transporter.
 54304 | Vaults:4 | Found a transporter.
 54304 | Vaults:4 | Noticed Susobas's ghost (adept DsCj)
 54546 | Vaults:4 | Found Damumm's Assorted Antiques.
 55057 | Vaults:4 | Killed Susobas's ghost
 55088 | Vaults:4 | Identified the ring "Bacias" {Fire Will+}
 55549 | D:14     | Killed Eczuitwu's ghost
 55553 | Abyss:3  | Cast into level 3 of the Abyss (merfolk impaler)
 55562 | D:14     | Escaped the Abyss
 55574 | D:14     | Reached skill level 25 in Fighting
 55677 | D:14     | Identified the +5 leather armour of Xom's Outrage {rCorr
                  | MP+9 Dex+4 Stlth+}
 55872 | Vaults:5 | Entered Level 5 of the Vaults
 56014 | Vaults:5 | Noticed Boris
 56048 | Abyss:3  | Cast into level 3 of the Abyss (a deep elf sorcerer)
 56117 | Vaults:5 | Escaped the Abyss
 56128 | Vaults:4 | Killed Boris
 56383 | Vaults:5 | Reached XP level 25. HP: 117/182 MP: 38/38
 56746 | Vaults:5 | Reached skill level 15 in Shields
 56753 | Vaults:5 | Identified the +5 sling "Bina" {freeze, rElec Int+2}
 57428 | Vaults:5 | Reached skill level 26 in Fighting
 57602 | Vaults:5 | Identified the +2 glaive of Kirghy {speed, rC- Int+7}
 57602 | Vaults:5 | Identified the ring "Lepil" {rN+ Int+6 Dex+3 SInv Stlth+}
 57728 | Vaults:5 | Got a silver rune of Zot
 57936 | Vaults:5 | Identified the +2 falchion of Ruofoul {venom, Dex+3}
 58393 | Tomb:1   | Entered Level 1 of the Tomb of the Ancients
 58400 | Tomb:1   | Gained mutation: You do not regenerate when monsters are
                  | visible. [a neqoxec]
 58426 | Tomb:1   | Noticed Boris
 58451 | Tomb:1   | Killed Boris
 58577 | Tomb:1   | Paralysed by a sphinx for 3 turns
 58583 | Tomb:1   | Paralysed by a sphinx for 4 turns
 58593 | Tomb:1   | Paralysed by a sphinx for 3 turns
 58595 | Tomb:1   | HP: 6/184 [sphinx (9)]
 58596 | Tomb:1   | Slain by a sphinx

Illustrated notes

Levels and vault maps discovered:
D:1:      dpeg_arrival_lava_temple_mockup, layout_loops_corners,
          minmay_parallelograms, minmay_misc_feat_square,
          minmay_misc_feat_hallway
D:2:      minmay_roachtagon, layout_basic, small_statue_intersection,
          st_stairs_2, chequers_serial_rivers_small_b
D:3:      layout_loops_ring, uniq_robin
D:4:      layout_cave_pods, chequers_serial_rivers_marsh, nrook_uturn,
          amcnicky_mini_rare_corridor_liquid
D:5:      layout_gridville, nicolae_ru_awakened_eye, minmay_tree_intersection
D:7:      layout_basic, minmay_temple_entry_mini_moons, nicolae_grassy_gnolls,
          uniq_duvessa
D:8:      layout_basic, nicolae_wu_jian_wuxing_cycle, hellmonk_lair_entry_icy,
          ebering_ghost_disaster_area
D:9:      kennysheep_ambush_hall, layout_irregular_city, xom_shifter_show,
          erik_orc_1, uniq_pikel, uniq_erica
D:10:     layout_roguey, grunt_temple_overflow_gold_and_silver,
          grunt_dithmenos_smoke, uniq_lodul
D:11:     layout_long_grid, nicolae_trove_entry_crystal
D:12:     layout_grid_maze, uniq_fannar
D:13:     layout_rooms, david_vaults_1
D:14:     layout_gridville, serial_ice, serial_ice_c, serial_ice_l,
          serial_ice_g, serial_ice_h, nemelex_spade_bored_becter,
          gammafunk_ghost_fury_of_okawaru, lightli_church_of_beogh
D:15:     grunt_enter_depths_magical_seal, layout_loops_ring,
          minmay_misc_feat_doors, abandoned_shop
Temple:   chequers_temple_sunken
Lair:1:   layout_hall_layers, beast_lair_carwin_7
Lair:2:   layout_cave_pods, minmay_snake_entry_guardpost_small,
          grunt_megastairs_4
Lair:3:   layout_roguey, skrybe_swamp_entry_bodies, gammafunk_ghost_necromancy,
          beast_lair_carwin_8
Lair:4:   layout_hall_layers, nicolae_slime_entry_slimehenge,
          serial_bayou_shore_b
Lair:5:   hangedman_lair_caniforms_friends, layout_cave_pods,
          hangedman_lair_in_review
Swamp:1:  layout_falls_marsh, serial_swamp_ruin, evilmike_swamp_ruin_house_1,
          evilmike_swamp_ruin_house_3, evilmike_swamp_ruin_house_2, swamp_pool1,
          ldierk_geyser, infiniplex_staircase_pool_2
Swamp:2:  layout_basic_swamp, nicolae_swamp_round_clearing,
          nicolae_swamp_orc_logging_accident, swamp_pool4,
          nicolae_swamp_bunyip_nook, uniq_frances
Swamp:3:  layout_basic_swamp, nicolae_swamp_godswood, swamp_pool4, uniq_roxanne
Swamp:4:  swamp_alternative, layout_basic_swamp, swamp_pool5,
          nicolae_swamp_wisp_ring_woods
Snake:1:  layout_rooms, serial_shops, statue_bzr, nicolae_shop_statue_plus,
          grunt_megastairs_5
Snake:2:  layout_basic, uniq_vashnia
Snake:3:  layout_onion_interference, nicolae_snake_coiling_death,
          grunt_megastairs_3, minmay_shop_grove, serial_bayou_shore_a
Snake:4:  johnstein_snake_rune_scales, layout_chambers, uniq_agnes, uniq_louise
Orc:1:    layout_caves, uniq_nergalle, uniq_sonja
Orc:2:    st_orc_town, layout_diamond_mine, serial_shops, shop_statue,
          basic_altar, nicolae_orc_stony_grotto, bloody_makhleb
Elf:1:    layout_loops_cross, uniq_nikola
Elf:2:    nicolae_elf_blades_crystal_corner, layout_loops_cross,
          portal_desolation_entry_twin_temple
Elf:3:    elf_hall, layout_loops_corners, st_stairs_4, uniq_aizul,
          uniq_bai_suzhen
Vaults:1: v_alt_pattern_1, nicolae_vaults_twisting_passages, v_alt_pattern_4,
          nicolae_vaults_network_barrier, dpeg_vaults_monster_box,
          hangedman_vaults_maws, hangedman_vaults_capsules,
          vaults_standard_mumra_enter_the_diamond, st_cross,
          vaults_room_large_hall, vaults_dpeg_hooks, vaults_dpeg_ring,
          vaults_dpeg_diagonal, vaults_dpeg_emergency_exit, layout_vaults_ring
Vaults:2: dpeg_vaults_pockets_of_resistance, minmay_crypt_entry_nasty_monster,
          ontoclasm_vaults_pinch, hangedman_vaults_impose,
          hangedman_vaults_snaps, ontoclasm_vaults_fault, v_misc_16,
          nicolae_vaults_what_the_h, layout_vaults_maze_snakey, serial_shops,
          shop
Vaults:3: vaults_room_pools, v_rooms_1, v_misc_5, v_pattern_4,
          ontoclasm_vaults_ring_small, grunt_vaults_hallway_long,
          vaults_mumra_bighexcomb, hangedman_vaults_restitches,
          nicolae_vaults_border_crossing, vaults_room_grunt_arrival_checkpoint,
          layout_vaults_big_cross, uniq_saint_roka
Vaults:4: gammafunk_ghost_arena, v_rooms_6, v_misc_14,
          nicolae_vaults_little_squares_1, hangedman_vaults_stretched_pinwheel,
          serial_ice_g, layout_vaults_omnigrid, serial_shops, shop, uniq_xtahua,
          uniq_boris
Vaults:5
Crypt:1:  layout_gridlike, corner_web_ring, serial_sigils_hangedman_shear
Crypt:2:  layout_chaotic_city, hangedman_blasphemy, uniq_margery
Crypt:3:  church_of_pain_bobbens, layout_chaotic_city, tomb_entry_shell_bobbens,
          uniq_mennas
Tomb:1
Depths:1: layout_gridlike, grunt_hell_entry_demonic_statue,
          ebering_ghost_disaster_area, grunt_pan_entry_in_and_out,
          nicolae_concentric_dashed_squares_wild, serial_bayou_pond_e,
          bh_walls_and_bars

Skill      XL: |  1  2  3  4  5  6  7  8  9 10 11 12 13 14 15 16 17 18 19 20 21 22 23 24 25 |
---------------+----------------------------------------------------------------------------+-----
Fighting       | 4 5 6 8 9 11 12 14 15 16 17 18 19 21 22 23 24 25 26 | 26.1
Maces & Flails | 3 4 5 7 8 10 11 12 14 15 | 15.7
Armour         | 4 5 6 8 10 11 12 14 15 17 | 17.1
Dodging        | 4 6 8 9 10 11 13 | 13.0
Invocations    | 3 6 10 11 13 14 16 18 19 20 22 23 | 23.1
Evocations     | 3 5 7 |  7.0
Shields        | 5 6 7 8 11 14 16 | 16.0
Axes           | 1 6 |  6.8
Translocations | 4 9 11 12 | 12.1

Action                   |  1- 3 |  4- 6 |  7- 9 | 10-12 | 13-15 | 16-18 | 19-21 | 22-24 | 25-27 || total
-------------------------+-------+-------+-------+-------+-------+-------+-------+-------+-------++-------
Melee: Flail             |   122 |   236 |    46 |       |       |       |       |       |       ||   404
       War axe           |       |       |   172 |   510 |   943 |  1117 |   835 |       |       ||  3577
       Sacred scourge    |       |       |       |       |       |       |   601 |  1852 |   591 ||  3044
Throw: Throwing net      |       |       |       |     1 |       |       |       |       |       ||     1
 Cast: Blink             |       |       |       |       |       |     1 |       |       |       ||     1
       Lesser Beckoning  |       |       |       |       |       |       |     8 |     7 |     1 ||    16
Invok: Divine Shield     |       |       |       |       |     6 |    13 |    16 |     7 |     3 ||    45
       Cleansing Flame   |       |       |       |       |       |     2 |    13 |     9 |     2 ||    26
       Summon Divine War |       |       |       |       |       |       |     2 |     1 |     1 ||     4
       Brand Weapon With |       |       |       |       |       |       |     1 |       |       ||     1
Evoke: Wand              |       |       |     1 |     7 |     5 |    17 |    17 |     8 |     2 ||    57
  Use: Scroll            |       |     9 |     6 |     8 |    15 |     9 |     6 |     4 |     3 ||    60
       Potion            |       |     1 |     5 |     7 |     5 |    14 |     7 |     9 |     5 ||    53
Armor: Scale mail        |   107 |   187 |   189 |   353 |    57 |       |       |       |       ||   893
       Ring mail         |       |       |       |       |   556 |   453 |       |       |       ||  1009
       Plate armour      |       |       |       |       |       |   239 |   980 |  1013 |   353 ||  2585
       Skin              |       |       |       |       |       |     3 |       |       |       ||     3
Dodge: Dodged            |    86 |   143 |   132 |   278 |   624 |   574 |   611 |   752 |   251 ||  3451
       Repelled          |       |       |       |       |    12 |    52 |    20 |    11 |     4 ||    99
Block: Buckler           |    39 |    61 |    60 |   102 |   364 |   302 |       |       |       ||   928
       Kite shield       |       |       |       |       |       |   534 |  1367 |  1217 |   452 ||  3570

Table legend: (Time is in decaauts)
 A = Elapsed time spent in this place.
 B = Non-inter-level travel time spent in this place.
 C = Inter-level travel time spent in this place.
 D = Time resting spent in this place.
 E = Time spent auto-exploring this place.
 F = Levels seen in this place.
 G = Mean time per level.
                   A        B        C        D        E       F      G
               +--------+--------+--------+--------+--------+-----+--------+
         Total |  58041 |  53684 |   4357 |  11629 |  30091 |  51 | 1138.1 |
       Dungeon |  21881 |  19902 |   1979 |   5939 |  10667 |  14 | 1562.9 |
        Temple |    248 |    225 |     23 |      0 |    207 |   1 |  248.0 |
          Lair |   7611 |   7010 |    601 |   1525 |   4274 |   5 | 1522.2 |
         Swamp |   4669 |   4428 |    241 |   1075 |   2660 |   4 | 1167.2 |
     Snake Pit |   4624 |   4488 |    136 |    279 |   2999 |   4 | 1156.0 |
  Orcish Mines |   3078 |   2809 |    269 |    942 |   1349 |   2 | 1539.0 |
   Elven Halls |   2682 |   2551 |    131 |    179 |   1475 |   3 |  894.0 |
        Vaults |   7545 |   6895 |    650 |    869 |   3808 |   5 | 1509.0 |
         Crypt |   3464 |   3142 |    322 |    367 |   1873 |   3 | 1154.7 |
          Tomb |    173 |    173 |      0 |     16 |     75 |   1 |  173.0 |
        Depths |    224 |    224 |      0 |    139 |      0 |   1 |  224.0 |
         Abyss |    409 |    409 |      0 |      5 |    202 |   6 |   68.2 |
        Bazaar |     80 |     80 |      0 |      0 |     61 |   1 |   80.0 |
    Desolation |   1349 |   1349 |      0 |    293 |    439 |   1 | 1349.0 |
               +--------+--------+--------+--------+--------+-----+--------+

Top non-repeatable levels by time:
     D:7: 2970 daAuts
    D:12: 2823 daAuts
  Lair:5: 2622 daAuts
     D:9: 2410 daAuts
Vaults:4: 1859 daAuts
  Lair:3: 1777 daAuts
    D:10: 1730 daAuts
    D:11: 1728 daAuts
   Orc:1: 1660 daAuts
Vaults:1: 1619 daAuts
 Snake:4: 1543 daAuts
  Lair:2: 1512 daAuts
     D:8: 1488 daAuts
    D:14: 1457 daAuts
Vaults:5: 1450 daAuts
